 Dungeon Crawl Stone Soup version 0.20.0-14-g326068f (webtiles) character file.

3480 Chiseanne the Fighter (level 9, -3/76 HPs)
             Began as a Demonspawn Wanderer on June 7, 2017.
             Was a Follower of Dithmenos.
             Slain by a troll (5 damage)
             ... on level 8 of the Dungeon.
             The game lasted 00:24:22 (11319 turns).

Chiseanne the Fighter (Demonspawn Wanderer)        Turns: 11319, Time: 00:24:23

Health: -3/76      AC: 11    Str: 15    XL:     9   Next: 79%
Magic:  9/9        EV:  9    Int: 14    God:    Dithmenos [*.....]
Gold:   466        SH:  5    Dex: 15    Spells: 8/8 levels left

rFire    . . .     SeeInvis .   s - +1 dagger (venom)
rCold    . . .     Gourm    .   m - +0 buckler
rNeg     + . .     Faith    +   H - +0 chain mail {rPois}
rPois    +         Spirit   .   (no helmet)
rElec    .         Reflect  .   (no cloak)
rCorr    .         Harm     .   v - +0 pair of gloves
MR       .....                  (no boots)
Stlth    ++........             x - amulet of faith
Regen    0.3/turn               g - ring of positive energy
MPRegen  0.2/turn               J - +2 ring of intelligence

@: wreathed by umbra, studying Bows
A: talons 2, demonic guardian 1, nightstalker 2
a: Renounce Religion


You were on level 8 of the Dungeon.
You worshipped Dithmenos.
Dithmenos was aware of your devotion.
You were hungry.

You visited 2 branches of the dungeon, and saw 11 of its levels.

You collected 466 gold pieces.

Inventory:

Hand Weapons
 a - a +2 hand axe of chopping
 d - a +2 whip of freezing
 s - a +1 dagger of venom (weapon)
Missiles
 i - 84 sling bullets
 l - 7 poisoned needles
 n - 78 bolts
 p - a javelin of penetration (quivered)
 q - 326 stones
 t - 21 tomahawks
 y - 5 curare-tipped needles
 B - 145 arrows
Armour
 m - a +0 buckler (worn)
 v - a +0 pair of gloves (worn)
 H - a +0 chain mail of poison resistance (worn)
 L - a +0 troll leather armour
Jewellery
 g - a ring of positive energy (left hand)
 x - an amulet of faith (around neck)
 D - an uncursed ring of fire
 J - a +2 ring of intelligence (right hand)
Wands
 K - a wand of paralysis (8/24)
 M - a wand of confusion (22/48)
Scrolls
 b - 2 scrolls of fog
 c - 5 scrolls of teleportation
 j - 2 scrolls of identify
 k - 4 scrolls of remove curse
 z - a scroll of fear
 A - 2 scrolls of amnesia
 E - a scroll of blinking
Potions
 e - 3 potions of curing
 h - 3 potions of magic
 u - a potion of might
 w - 5 potions of flight
 F - a potion of ambrosia
 I - 2 potions of heal wounds
Books
 o - a book of Maledictions

   Spells                             Type                      Level
   a - Corona                         Hexes                        1
   b - Ensorcelled Hibernation        Hexes/Ice                    2
   c - Confuse                        Hexes                        3
   d - Tukima's Dance                 Hexes                        3
   e - Dazzling Spray                 Conjuration/Hexes            3
 N - a manual of Bows
Comestibles
 f - 4 bread rations
 r - 5 meat rations
 C - 2 royal jellies
 G - 6 fruits


   Skills:
 * Level 9.2 Fighting
   Level 1.0 Long Blades
 - Level 1.0 Bows
 * Level 7.2 Armour
 - Level 5.1 Dodging
 - Level 3.6 Stealth
 * Level 5.0 Shields


You had 8 spell levels left.
You didn't know any spells.

Dungeon Overview and Level Annotations

Branches:
Dungeon (10/15)            Temple (1/1) D:7
   Lair: D:8-11         Orc: D:9-12

Altars:
Ashenzari
Cheibriados
Dithmenos
Elyvilon
Makhleb
Nemelex Xobeh
Sif Muna
Trog
Xom
Zin

Annotations:
D:5 Angani's ghost, novice FoBe
D:10 Nergalle


Innate Abilities, Weirdness & Mutations

You have razor-sharp toenails.
A weak demonic guardian rushes to your aid.
You are significantly more attuned to the shadows.


Message History

You claw the troll, but do no damage.
The troll is lightly wounded.
The troll barely misses you. The troll completely misses you.
You block the troll's attack.
You hit the troll.
The troll looks as sick as possible!
You claw the troll.
The troll is moderately wounded.
The troll bites you! The troll claws you. x2
You hit the troll.
The troll looks as sick as possible!
The troll is moderately wounded.
The troll bites you. The troll misses you. The troll claws you!
* * * LOW HITPOINT WARNING * * *
You closely miss the troll. You claw the troll, but do no damage.
The troll is moderately wounded.
The troll bites you!
* * * LOW HITPOINT WARNING * * *
You block the troll's attack. The troll claws you but does no damage.
You closely miss the troll. You claw the troll, but do no damage.
The troll is moderately wounded.
The troll barely misses you. The troll claws you.
You die...

########## #####.........
#......####### #.###..#
#.# #..# ###.###..#
#.[...#..#
#######.>......#
#..[.@T..##....#
#.#####..##....#
#..##........#.# ####
######.#.........#.# #...
#.........≈≈≈...##.# #.#.
#)####...≈≈≈≈≈..##.####...
#.# #...≈≈♣≈≈..##.##.....
#.# #...≈≈≈≈≈..##.##.##.#
#.# #♣...≈≈≈...♣####.##.#


You could see a troll.

Vanquished Creatures
  Pikel (D:7)
  A troll (D:8)
  A water moccasin (D:8)
  3 sky beasts
  3 ice beasts (D:6)
  A slave (D:7)
  A black bear (D:8)
  An orc warrior (D:8)
  2 ogres (D:5)
  A centaur (D:6)
  Blork the orc (D:4)
  A scorpion (D:4)
  A water moccasin skeleton (D:8)
  3 wights (D:7)
  A howler monkey (D:6)
  A crimson imp (D:8)
  A centaur zombie (D:7)
  A hound (D:8)
  4 orc priests (D:8)
  A jelly (D:6)
  A bullfrog skeleton (D:8)
  10 orc wizards
  5 iguanas
  9 worker ants
  2 hound skeletons (D:6)
  A howler monkey zombie (D:6)
  9 adders
  2 shadow imps
  3 oozes
  An adder skeleton (D:4)
  4 worms
  A dart slug (D:2)
  6 leopard geckos
  37 orcs
  10 bats
  8 giant cockroaches
  6 goblins
  6 hobgoblins
  9 jackals
  9 kobolds
  4 quokkas
  2 ball pythons
  5 frilled lizards
  2 leopard gecko skeletons
  A quokka skeleton (D:5)
  7 rats
190 creatures vanquished.

Vanquished Creatures (collateral kills)
  Sigmund (D:6)
  A hungry ghost (D:7)
  2 wights (D:7)
  3 crimson imps (D:5)
  2 orc wizards (D:4)
  2 worker ants
  A worm (D:5)
  3 orcs
  A jackal (D:5)
16 creatures vanquished.

Vanquished Creatures (others)
  A slave (D:7)
  A bullfrog (D:7)
  2 crimson imps (D:7)
4 creatures vanquished.

Grand Total: 210 creatures vanquished

Notes
Turn   | Place    | Note
-------+----------+-------------------------------------------
     0 | D:1      | Chiseanne the Demonspawn Wanderer began the quest for the Orb.
     0 | D:1      | Chiseanne set off with: a +2 falchion, a potion of lignification, a scroll of teleportation, a +0 robe, a +0 dagger, a bread ration
     0 | D:1      | Reached XP level 1. HP: 19/19 MP: 1/1
   188 | D:1      | Gained mutation: You are slightly more attuned to the shadows. [demonic ancestry]
   188 | D:1      | Reached XP level 2. HP: 19/25 MP: 2/2
   698 | D:2      | Reached skill level 1 in Dodging
   747 | D:2      | Reached skill level 1 in Armour
   858 | D:2      | Gained mutation: You have sharp toenails. [demonic ancestry]
   858 | D:2      | Reached XP level 3. HP: 31/31 MP: 3/3
  1672 | D:3      | Found a shimmering altar of Xom.
  1792 | D:3      | Gained mutation: You are significantly more attuned to the shadows. [demonic ancestry]
  1792 | D:3      | Reached XP level 4. HP: 38/38 MP: 4/4
  1812 | D:3      | Found a burning altar of Makhleb.
  2070 | D:3      | Found a shattered altar of Ashenzari.
  2646 | D:3      | Reached XP level 5. HP: 36/43 MP: 5/5
  2815 | D:3      | Found a deep blue altar of Sif Muna.
  3067 | D:3      | Reached skill level 5 in Fighting
  3841 | D:4      | Gained mutation: A weak demonic guardian rushes to your aid. [demonic ancestry]
  3841 | D:4      | Reached XP level 6. HP: 51/51 MP: 6/6
  4425 | D:4      | Noticed Blork the orc
  4433 | D:4      | Killed Blork the orc
  4563 | D:5      | Entered Level 5 of the Dungeon
  4615 | D:5      | Reached XP level 7. HP: 39/57 MP: 7/7
  4626 | D:5      | Noticed Angani's ghost (novice FoBe)
  4902 | D:5      | Reached skill level 6 in Fighting
  5805 | D:6      | Noticed Sigmund
  5822 | D:6      | Killed Sigmund
  6321 | D:6      | Reached XP level 8. HP: 65/65 MP: 8/8
  6523 | D:5      | Reached skill level 7 in Fighting
  6910 | D:5      | Found a sparkling altar of Nemelex Xobeh.
  7054 | D:6      | Reached skill level 5 in Dodging
  7096 | D:6      | Reached skill level 5 in Armour
  7729 | D:6      | Reached skill level 1 in Shields
  8158 | D:7      | You fall through a shaft for 3 floors!
  8158 | D:10     | Entered Level 10 of the Dungeon
  8165 | D:10     | Noticed Nergalle
  8168 | D:10     | Noticed a spectral orc knight
  9103 | D:7      | Found a snail-covered altar of Cheibriados.
  9135 | D:7      | Found a bloodstained altar of Trog.
  9147 | D:7      | Reached skill level 8 in Fighting
  9156 | D:7      | Noticed Pikel
  9158 | D:7      | Paralysed by Pikel for 6 turns
  9206 | D:7      | Killed Pikel
  9206 | D:7      | Gained mutation: You have razor-sharp toenails. [demonic ancestry]
  9206 | D:7      | Reached XP level 9. HP: 55/75 MP: 9/9
  9762 | D:7      | Found a staircase to the Ecumenical Temple.
  9805 | Temple   | Entered the Ecumenical Temple
  9834 | Temple   | Became a worshipper of Dithmenos the Shadowed
 10294 | D:8      | Found a white marble altar of Elyvilon.
 10496 | D:8      | Reached skill level 9 in Fighting
 10538 | D:8      | Reached * piety under Dithmenos
 10963 | D:9      | Noticed a troll
 11007 | D:8      | Killed a troll
 11007 | D:8      | Reached skill level 5 in Shields
 11264 | D:9      | Noticed a troll
 11318 | D:8      | HP: 2/76 [troll (14)]
 11319 | D:8      | Slain by a troll

Skill      XL: |  1  2  3  4  5  6  7  8  9 |
---------------+----------------------------+-----
Dodging        | 1 2 3 4 5 |  5.1
Armour         | 1 2 3 4 6 7 |  7.2
Fighting       | 5 6 8 9 |  9.2
Shields        | 3 5 |  5.0
Long Blades    | |  1.0
Bows           | |  1.0
Stealth        | |  3.6

Action                   |  1- 3 |  4- 6 |  7- 9 || total
-------------------------+-------+-------+-------++-------
Melee: Falchion          |   109 |    66 |       ||   175
       Kick              |    11 |    50 |   200 ||   261
       Hand axe          |       |   126 |   205 ||   331
       Dagger            |       |    18 |   397 ||   415
       Whip              |       |       |     3 ||     3
Throw: Javelin           |       |     3 |    10 ||    13
       Stone             |       |       |     1 ||     1
  Use: Scroll            |    10 |     4 |     3 ||    17
       Potion            |       |     5 |     2 ||     7
 Stab: Sleeping          |       |     3 |     5 ||     8
       Distracted        |       |       |     3 ||     3
  Eat: Chunk             |     2 |     9 |    24 ||    35
Armor: Robe              |     2 |       |       ||     2
       Chain mail        |    58 |   124 |   268 ||   450
       Skin              |       |    15 |       ||    15
Dodge: Dodged            |    34 |    84 |   208 ||   326
Block: Buckler           |       |       |    79 ||    79
       Rpst.: Falchion   |     8 |    16 |       ||    24
